 Dungeon Crawl Stone Soup version 0.25-a0-294-gea9b1ad378 (webtiles) character file.

Game seed: 1659889783366426245, levelgen mode: deterministic

108689 vishdafish the Fencer (level 16, -5/169 HPs)
             Began as a Naga Berserker on Dec 16, 2019.
             Was a High Priest of Trog.
             Shot with an arrow by a naga sharpshooter (25 damage)
             ... on level 2 of the Snake Pit.
             The game lasted 00:55:41 (25654 turns).

vishdafish the Fencer (Naga Berserker)             Turns: 25654, Time: 00:55:42

Health: -5/169     AC: 27    Str: 20    XL:     16   Next: 50%
Magic:  13/19      EV: 11    Int:  8    God:    Trog [*****.]
Gold:   732        SH: 13    Dex: 17    Spells: 15/15 levels left

rFire    + . .     SeeInvis +   m - +5 double sword (flame)
rCold    + . .     Gourm    .   D - +0 shield
rNeg     . . .     Faith    .   f - +6 scale mail of Resourcefulness {+Blink rC+}
rPois    +         Spirit   .   i - +2 helmet
rElec    .         Reflect  +   T - +0 cloak
rCorr    .         Harm     .   (no gloves)
MR       +++++                  (no barding)
Stlth    ..........             l - +3 amulet of reflection
HPRegen  1.38/turn              a - +3 ring of evasion
MPRegen  0.16/turn              w - +6 ring of protection

@: berserk cooldown, very slightly contaminated, regenerating, slowed, studying
3 skills, very slow
A: large, see invisible, deformed body, fire resistance 1, low mp 1, magic
resistance 1, poison resistance, slowness 2, slow metabolism 1, spit poison 1,
constrict 1, AC +5
a: Spit Poison, Berserk, Trog's Hand, Brothers in Arms, Renounce Religion, Evoke
Blink


You were on level 2 of the Snake Pit.
You worshipped Trog.
Trog was extremely pleased with you.
You were very hungry.

You visited 4 branches of the dungeon, and saw 25 of its levels.
You also visited: Sewer and Bailey.

You collected 2505 gold pieces.
You spent 1773 gold pieces at shops.

Inventory:

Hand Weapons
 m - a +5 double sword of flaming (weapon)
Armour
 f - the +6 scale mail of Resourcefulness (worn) {+Blink rC+}
   (You found it on level 2 of the Lair of Beasts)

   It protects you from cold.
   It lets you blink.
 i - a +2 helmet (worn)
 D - a +0 shield (worn)
 O - the +0 scale mail of Amorality {rC++ MP+9 Int-2 SInv}
   (You found it on level 8 of the Dungeon)

   It affects your intelligence (-2).
   It greatly protects you from cold.
   It affects your magic capacity (+9).
   It lets you see invisible.
 T - a +0 cloak (worn)
Jewellery
 a - a +3 ring of evasion (left hand)
 l - a +3 amulet of reflection (around neck)
 q - an uncursed ring of positive energy
 w - a +6 ring of protection (right hand)
Wands
 C - a wand of paralysis (7)
 J - a wand of acid (7)
 M - a wand of polymorph (10)
 R - a wand of random effects (14)
 S - a wand of flame (30)
Scrolls
 b - 3 scrolls of identify
 j - 5 scrolls of teleportation
 k - 4 scrolls of random uselessness
 n - 6 scrolls of enchant armour
 o - 5 scrolls of blinking
 p - 5 scrolls of enchant weapon
 s - 7 scrolls of fog
 t - 14 scrolls of remove curse
 y - 3 scrolls of torment {unknown}
 B - 4 scrolls of fear
 H - a scroll of immolation {unknown}
 K - a scroll of magic mapping
 V - 3 scrolls of acquirement {unknown}
 Y - 5 scrolls of holy word {unknown}
Potions
 d - 7 potions of brilliance
 e - 5 potions of haste
 g - 7 potions of flight
 h - 4 potions of lignification
 r - 5 potions of heal wounds
 u - 3 potions of agility
 x - 13 potions of curing
 z - a potion of resistance {unknown}
 A - 2 potions of magic {unknown}
 E - a potion of mutation
 I - 3 potions of might
 P - 2 potions of degeneration {unknown}
 Q - a potion of cancellation {unknown}
 U - a potion of invisibility {unknown}
 W - a potion of experience
 Z - 2 potions of ambrosia {unknown}
Books
 v - a manual of Bows
 F - a manual of Long Blades
 G - a manual of Conjurations
Miscellaneous
 L - a fan of gales
 X - a crystal ball of energy
Comestibles
 c - 32 rations


   Skills:
 - Level 17.1 Fighting
 + Level 18.4 Long Blades
 - Level 9.0 Armour
 - Level 2.2 Dodging
 * Level 5.2 Shields
 - Level 7.5 Evocations


You had 15 spell levels left.
You didn't know any spells.
Your spell library was empty.

Dungeon Overview and Level Annotations

Branches:
Dungeon (15/15)            Temple (0/1) D:6            Lair (6/6) D:10
  Swamp (0/4) Lair:2        Snake (2/4) Lair:2        Slime (0/5) Lair:6
    Orc (2/2) D:10            Elf (0/3) Orc:2        Vaults (0/5) D:13
 Depths (0/5) D:15          Sewer (visited)          Bailey (visited)

Altars:
Ashenzari
Dithmenos
Elyvilon
Fedhas
Qazlal
Sif Muna
Uskayaw
Wu Jian
Xom
Beogh
Jiyva

Shops:
D:4 *   D:7 :   Orc:2 :*[(=

Annotations:
D:12 exclusion: orange crystal statue
Lair:3 exclusion: oklob plant


Innate Abilities, Weirdness & Mutations

You cannot wear boots.
Your serpentine skin is tough. (AC +5)
You have supernaturally acute eyesight. (SInv)
Armour fits poorly on your strangely shaped body.
Your system is resistant to poisons. (rPois)
You cover ground very slowly.
You have a slow metabolism.
You can spit poison.
You can use your snake-like lower body to constrict enemies.
Your flesh is heat resistant. (rF+)
Your magical capacity is low. (-10% MP)
You are resistant to hostile enchantments. (MR+)


Message History

A naga sharpshooter comes into view. It is wielding a +0 halberd.
Your skin crawls.
You feel resistant to hostile enchantments.
You feel somewhat more hungry.
Your two-headed ogre closely misses the mana viper.
Your two-headed ogre hits the mana viper with a +0 giant club!
Your two-headed ogre hits the mana viper with a +0 giant club!!
Your two-headed ogre barely misses the mana viper.
The mana viper closely misses you.
You cut the mana viper into ribbons!!! You burn the mana viper.
You kill the mana viper!
Trog accepts your kill.
You feel sick.
You are no longer poisoned.
The naga sharpshooter unwields a +0 halberd.
The naga sharpshooter wields a -2 longbow.
The naga sharpshooter gestures wildly while chanting.
The naga sharpshooter magically shoots an arrow.
The arrow hits you!!
You die...

#...........SS..#
#...........(...#
#.....^.N.NN....#
#......S.NN.....#
#.......S.N.....#
#..............#
##/..))#....O#..
#######(######S#
#.SSSS....# #@#
#. #...N.....#
#.####...
#.........#
#.†......
#########.#
#........ .#
#........
..........####.
NS####.......
>.?.......
##.########


You could see a naga sharpshooter, a naga ritualist, a black mamba, a naga mage,
3 nagas and a friendly two-headed ogre (berserk).

Vanquished Creatures
  5 orc warlords
  Louise (D:14)
  A stone giant (Orc:1)
  Azrael (D:13)
  A dire elephant (Lair:6)
  A fire dragon (Lair:2)
  Fannar (D:12)
  3 vault guards (D:13)
  6 hydras
  A catoblepas (Lair:6)
  3 centaur warriors (D:13)
  2 ogre magi
  7 two-headed ogres
  A death knight (D:13)
  5 orc high priests (Orc:2)
  A shock serpent (Snake:2)
  A deep troll shaman (Lair:6)
  6 death yaks (Lair:6)
  3 naga sharpshooters
  Sonja (Orc:1)
  2 unseen horrors
  3 wizards
  A deep elf archer (D:13)
  2 mana vipers
  Pikel (D:8)
  2 deep elf magi
  8 orc knights
  A cyclops (D:13)
  11 orc sorcerers
  4 ugly things
  A salamander (Snake:1)
  Maurice (D:9)
  An ice statue (Lair:5)
  4 elephants (Lair:6)
  4 black mambas
  Joseph (D:7)
  2 centaur zombies
  2 naga magi (D:15)
  A torpor snail (Lair:6)
  17 spiny frogs
  An efreet (D:15)
  A redback zombie (D:14)
  8 komodo dragons
  2 yaktaurs (D:13)
  4 demonic crawlers (D:13)
  An ice devil (Lair:5)
  5 polar bears
  3 hornets
  9 trolls
  7 dream sheep
  16 blink frogs
  6 hippogriffs
  2 centaur simulacra (D:14)
  2 water elementals
  A shadow (D:15)
  47 yaks
  4 wyverns
  A wraith (D:14)
  3 fire elementals (D:13)
  5 basilisks
  3 vampire mosquitoes (D:13)
  2 hungry ghosts (D:11)
  7 wargs
  Menkaure (D:7)
  4 acid dragons
  A soldier ant (D:11)
  A hell hound (D:13)
  20 water moccasins
  6 porcupines
  5 sky beasts
  6 ice beasts
  55 orc warriors
  2 black bears
  3 phantoms
  A slave (D:8)
  20 ogres
  13 centaurs
  16 crocodiles
  18 wolves
  6 big kobolds
  Blork the orc (D:4)
  6 bullfrogs
  2 wyvern zombies
  A gnoll sergeant (D:5)
  A scorpion (D:10)
  9 wights
  39 killer bees
  4 howler monkeys
  2 electric eels (D:13)
  11 crimson imps
  A bullfrog zombie (D:10)
  5 quasits
  33 orc priests
  5 hounds
  4 jellies
  2 bullfrog skeletons
  3 centaur skeletons
  An iguana (D:5)
  Natasha (thrice) (D:2)
  A merfolk siren (Sewer)
  29 orc wizards
  7 worker ants
  A merfolk avatar (Sewer)
  A worker ant zombie (D:7)
  15 gnolls
  2 river rats (Sewer)
  20 adders
  7 shadow imps
  2 white imps (Lair:5)
  An adder skeleton (D:4)
  2 adder zombies
  2 worms
  2 dart slugs
  7 leopard geckos
  120 orcs
  11 ball pythons
  4 giant cockroaches
  17 goblins
  28 hobgoblins
  10 jackals
  5 quokkas
  8 bats
  11 frilled lizards
  A jackal zombie (D:5)
  23 kobolds
  A leopard gecko skeleton (D:6)
  24 rats
933 creatures vanquished.

Vanquished Creatures (collateral kills)
  An orc knight (Bailey)
  A cyclops (D:11)
  A black mamba (Snake:2)
  3 yaks (D:11)
  A warg (Orc:2)
  10 killer bees (D:11)
  An orc priest (Orc:2)
  An adder (D:11)
  An orc (Bailey)
  2 goblins (Bailey)
22 creatures vanquished.

Vanquished Creatures (others)
  A slave (D:8)
  A sky beast (D:13)
  A centaur (D:5)
  A shadow imp (D:13)
  An orc (Orc:2)
  A kobold (D:14)
  5 fungi
  4 plants
15 creatures vanquished.

Grand Total: 970 creatures vanquished

Notes
Turn   | Place    | Note
-------+----------+-------------------------------------------
     0 | D:1      | vishdafish the Naga Berserker began the quest for the Orb.
     0 | D:1      | Reached XP level 1. HP: 21/21 MP: 1/1
   351 | D:1      | Reached XP level 2. HP: 18/28 MP: 2/2
   894 | D:1      | Reached XP level 3. HP: 34/34 MP: 3/3
  1209 | D:2      | Reached ** piety under Trog
  1265 | D:2      | Reached XP level 4. HP: 32/42 MP: 4/4
  1367 | D:2      | Noticed Natasha
  1372 | D:2      | Killed Natasha
  1573 | D:2      | Noticed Natasha
  1580 | D:2      | Killed Natasha
  1580 | D:2      | Reached skill level 4 in Long Blades
  1590 | D:2      | Reached XP level 5. HP: 50/50 MP: 5/5
  1706 | D:2      | Noticed Natasha
  1716 | D:2      | Killed Natasha
  1739 | D:2      | You fall into a shaft and drop 2 floors!
  1790 | D:4      | Noticed an ogre
  1795 | D:4      | Killed an ogre
  1795 | D:4      | Reached XP level 6. HP: 58/58 MP: 6/6
  1860 | D:4      | Noticed Blork the orc
  1869 | D:4      | Killed Blork the orc
  1869 | D:4      | Reached skill level 5 in Long Blades
  2057 | D:4      | Reached XP level 7. HP: 66/66 MP: 7/7
  2101 | D:4      | Found a glowing drain.
  2112 | Sewer    | Entered a sewer
  2159 | Sewer    | Reached *** piety under Trog
  2203 | Sewer    | Reached skill level 5 in Fighting
  2519 | D:4      | Found a shimmering blue altar of Sif Muna.
  2591 | D:4      | Found Maniklum's Assorted Antiques.
  2594 | D:4      | Bought a bubbling brown potion for 22 gold pieces
  2594 | D:4      | Bought a grey potion for 22 gold pieces
  2594 | D:4      | Bought a scroll labeled PENLOX QYUKK for 25 gold pieces
  2988 | D:3      | Reached **** piety under Trog
  3783 | D:5      | Entered Level 5 of the Dungeon
  4052 | D:5      | Found a shadowy altar of Dithmenos.
  4311 | D:5      | Reached skill level 6 in Long Blades
  4311 | D:5      | Reached XP level 8. HP: 60/76 MP: 8/8
  4550 | D:5      | Noticed an air elemental
  4552 | D:5      | Found a stormy altar of Qazlal.
  4553 | D:5      | Noticed a water elemental
  4769 | D:6      | Found an ornate altar of the Wu Jian Council.
  4820 | D:6      | Identified the +4 hand axe of Courage {chop, -Tele rF+++
                  | SInv}
  5122 | D:6      | Found a staircase to the Ecumenical Temple.
  5205 | D:6      | Reached skill level 5 in Armour
  5287 | D:6      | Found a shimmering altar of Xom.
  5316 | D:6      | Reached skill level 7 in Long Blades
  5483 | D:6      | Got a crude ring mail
  5494 | D:6      | Identified the +3 ring mail of Vedu {Dex+4} (You found it
                  | on level 6 of the Dungeon)
  5526 | D:7      | Found Kacif's Book Boutique.
  5554 | D:7      | Noticed a troll
  5581 | D:6      | Reached XP level 9. HP: 86/86 MP: 9/9
  5763 | D:7      | Noticed Menkaure
  5779 | D:7      | Killed Menkaure
  6112 | D:7      | Killed a troll
  6112 | D:7      | Reached ***** piety under Trog
  6112 | D:7      | Received a gift from Trog
  6145 | D:7      | Noticed Joseph
  6156 | D:7      | Killed Joseph
  6156 | D:7      | Reached skill level 8 in Long Blades
  6284 | D:7      | Found a hide-covered altar of Uskayaw.
  6437 | D:7      | Found a shattered altar of Ashenzari.
  6562 | D:8      | Reached XP level 10. HP: 69/98 MP: 10/10
  6785 | D:8      | Reached skill level 9 in Long Blades
  6837 | D:8      | Noticed a three-headed hydra
  6848 | D:8      | Killed a three-headed hydra
  6916 | D:8      | Noticed Pikel
  6939 | D:8      | Killed Pikel
  7053 | D:8      | Found a blossoming altar of Fedhas.
  7341 | D:8      | Got an emerald-encrusted scale mail
  7352 | D:8      | Identified the cursed +0 scale mail of Amorality {rC++ MP+9
                  | Int-2 SInv} (You found it on level 8 of the Dungeon)
  7422 | D:9      | Noticed a two-headed ogre
  7437 | D:9      | Killed a two-headed ogre
  7437 | D:9      | Reached skill level 10 in Fighting
  7437 | D:9      | Reached skill level 10 in Long Blades
  7437 | D:9      | Reached XP level 11. HP: 108/108 MP: 11/11
  7641 | D:9      | Received a gift from Trog
  7736 | D:9      | Found a white marble altar of Elyvilon.
  7926 | D:9      | Noticed Maurice
  7931 | D:9      | Killed Maurice
  8096 | D:10     | Entered Level 10 of the Dungeon
  8102 | D:10     | Found a flagged portal.
  8116 | Bailey   | Entered a bailey
  8291 | Bailey   | Noticed an orc knight
  8335 | Bailey   | Noticed an orc warlord
  8347 | Bailey   | Killed an orc warlord
  8361 | Bailey   | Killed an orc knight
  8830 | D:10     | Received a gift from Trog
  8849 | D:10     | Reached skill level 11 in Long Blades
  9187 | D:10     | Identified the cursed +1 leather armour "Sefrew" {Dex+4}
                  | (You found it on level 10 of the Dungeon)
  9219 | D:10     | Found a staircase to the Orcish Mines.
  9561 | D:10     | Found a staircase to the Lair.
  9911 | D:11     | Noticed a cyan ugly thing
  9920 | D:11     | Killed a cyan ugly thing
  9920 | D:11     | Reached XP level 12. HP: 120/120 MP: 12/12
  9992 | D:11     | Received a gift from Trog
 10241 | D:11     | Reached skill level 12 in Long Blades
 11241 | D:12     | Noticed Fannar
 11254 | D:12     | Killed Fannar
 11873 | D:12     | Reached skill level 13 in Long Blades
 11974 | D:12     | Paralysed by a hornet for 3 turns
 12676 | D:13     | Noticed a centaur warrior
 12679 | D:13     | Killed a centaur warrior
 12679 | D:13     | Gained mutation: You can use your snake-like lower body to
                  | constrict enemies. [Naga growth]
 12679 | D:13     | Reached XP level 13. HP: 116/133 MP: 13/13
 12696 | D:13     | Noticed a vault guard
 12981 | D:13     | Received a gift from Trog
 13198 | Lair:1   | Entered Level 1 of the Lair of Beasts
 13847 | Lair:2   | Got a pitted scale mail
 13858 | Lair:2   | Identified the +6 scale mail of Resourcefulness {+Blink
                  | rC+} (You found it on level 2 of the Lair of Beasts)
 13909 | Lair:2   | Reached skill level 14 in Long Blades
 14173 | Lair:2   | Reached skill level 1 in Evocations
 14224 | Lair:2   | Found a staircase to the Snake Pit.
 14307 | Lair:2   | Received a gift from Trog
 14625 | Lair:2   | Found a staircase to the Swamp.
 14776 | Lair:2   | Noticed a fire dragon
 14788 | Lair:2   | Killed a fire dragon
 15272 | Lair:3   | Reached skill level 5 in Evocations
 15516 | Lair:3   | Reached XP level 14. HP: 145/145 MP: 16/18
 16039 | Lair:4   | Gained mutation: Your flesh is heat resistant. (rF+)
                  | [potion of mutation]
 16039 | Lair:4   | Gained mutation: Your magical capacity is low. (-10% MP)
                  | [potion of mutation]
 16039 | Lair:4   | Gained mutation: You are resistant to hostile enchantments.
                  | (MR+) [potion of mutation]
 16800 | Lair:5   | Received a gift from Trog
 17319 | Lair:6   | Entered Level 6 of the Lair of Beasts
 17551 | Lair:6   | Found a staircase to the Slime Pits.
 17559 | Lair:6   | Found a viscous altar of Jiyva.
 17600 | Lair:6   | Reached skill level 15 in Long Blades
 17775 | Lair:6   | Received a gift from Trog
 17935 | Lair:6   | Reached skill level 15 in Fighting
 18574 | Lair:6   | Noticed a dire elephant
 18589 | Lair:6   | Killed a dire elephant
 18786 | Lair:6   | Identified the Almanac of Mastery
 18979 | Orc:1    | Entered Level 1 of the Orcish Mines
 19021 | Orc:1    | Noticed a stone giant
 19033 | Orc:1    | Killed a stone giant
 19033 | Orc:1    | Reached XP level 15. HP: 90/154 MP: 18/18
 19127 | Orc:1    | Noticed an orc warlord
 19672 | Orc:2    | Entered Level 2 of the Orcish Mines
 19689 | Orc:2    | Received a gift from Trog
 20214 | Orc:2    | Found Qeakh's Jewellery Boutique.
 20215 | Orc:2    | Reached skill level 16 in Long Blades
 20268 | Orc:2    | Noticed an orc warlord
 20290 | Orc:2    | Killed an orc warlord
 20300 | Orc:2    | Received a gift from Trog
 20410 | Orc:2    | Noticed an orc warlord
 20450 | Orc:2    | Killed an orc warlord
 20760 | Orc:2    | Found a staircase to the Elven Halls.
 20798 | Orc:2    | Received a gift from Trog
 21328 | Orc:2    | Found a roughly hewn altar of Beogh.
 21496 | Orc:2    | Found Zetih's General Store.
 21497 | Orc:2    | Found Qemmeinn's Book Shop.
 21498 | Orc:2    | Found Posah's Antique Armour Boutique.
 21498 | Orc:2    | Found Ruuj's Antique Weapon Boutique.
 21502 | Orc:2    | Bought a bloodstained chain mail for 161 gold pieces
 21512 | Orc:2    | Identified the +5 chain mail "Typreboh" {rN+} (You bought
                  | it in a shop on level 2 of the Orcish Mines)
 21536 | Orc:2    | Bought 2 scrolls of teleportation for 108 gold pieces
 21682 | Orc:1    | Noticed an orc warlord
 21683 | Orc:1    | Noticed Sonja
 21702 | Orc:1    | Killed Sonja
 21707 | Orc:1    | Killed an orc warlord
 22368 | Orc:1    | Killed an orc warlord
 22525 | D:7      | Bought a manual of Long Blades for 1435 gold pieces
 22675 | D:13     | Noticed Azrael
 22686 | D:13     | Killed Azrael
 22754 | D:13     | Received a gift from Trog
 22802 | D:13     | Reached skill level 17 in Long Blades
 23702 | D:13     | Reached XP level 16. HP: 163/169 MP: 19/19
 23711 | D:13     | Found a gate to the Vaults.
 24002 | D:14     | Reached skill level 1 in Shields
 24159 | D:14     | Received a gift from Trog
 24199 | D:14     | Noticed Louise
 24212 | D:14     | Killed Louise
 24470 | D:15     | Entered Level 15 of the Dungeon
 24483 | D:15     | Reached skill level 18 in Long Blades
 24724 | D:15     | Found a staircase to the Depths.
 25440 | Snake:1  | Entered Level 1 of the Snake Pit
 25592 | Snake:1  | You fall into a shaft and drop 1 floor!
 25608 | Snake:1  | You fall into a shaft and drop 1 floor!
 25611 | Snake:2  | Reached skill level 5 in Shields
 25611 | Snake:2  | HP: 8/169 [naga sharpshooter/bolt (24)]
 25654 | Snake:2  | Shot with an arrow by a naga sharpshooter

Levels and vault maps discovered:
D:1:      ebering_trefoil_3fold, layout_basic, minmay_misc_feat_room,
          minivault_27
D:2:      minmay_angry_zag, layout_basic, uniq_natasha
D:3:      layout_loops_corners, kennysheep_generic_room_10
D:4:      minmay_opposing_rooms, layout_basic, lemuel_coloured_pillars_altar,
          serial_shops, kennysheep_mini, portal_sewer_entry_d, first_ration,
          minmay_manual_mess, uniq_blork_the_orc
D:5:      layout_loops_corners, nicolae_qazlal_style_of_elements,
          grunt_dithmenos_shadows
D:6:      layout_rooms, kennysheep_mini_moat, temple_pool_b, basic_altar
D:7:      layout_basic, lemuel_crystal_altar, cheibrodos_ashenzari_chains,
          serial_shops, shop, uniq_joseph, uniq_menkaure
D:8:      layout_gridville, marbit_many_paths, hangedman_ranch
          [blue_anna_fruit_fields], uniq_pikel
D:9:      layout_roguey, overflow_temple_1_default, minmay_circle_x,
          uniq_maurice
D:10:     layout_basic, erik_lair_dragon, david_orc_3, enter_bailey_2
D:11:     wad_woods_minihive, layout_basic
D:12:     layout_roguey, minivault_27, minivault_16, uniq_fannar
D:13:     kennysheep_room_grid, layout_basic, grunt_vaults_entry_fortified,
          einodemon_crawler_minivault, uniq_azrael
D:14:     layout_cave_pools, kennysheep_cross_room, uniq_louise
D:15:     grunt_enter_depths_magical_seal, layout_gridville,
          chequers_mini_garden
Lair:1:   layout_cave_shapes
Lair:2:   dragon1_lemuel, layout_cave_pods, swamp_mist_pool,
          minmay_snake_entry_six_corridors
Lair:3:   layout_cave_pods, serial_bayou_shore_b, minmay_lair_oklob_chamber,
          serial_bayou_shore_b, grunt_megastairs_2
Lair:4:   layout_misc_corridors
Lair:5:   layout_long_grid, grunt_forest_small_clearings, ice2_lemuel,
          serial_bayou_shore_b
Lair:6:   grunt_lair_end_beastmaster, layout_cave_pods, slime_altar_1,
          columned_hall_lemuel
Snake:1:  layout_basic, st_stairs_10, grunt_megastairs_3
Snake:2:  layout_rooms, drop_trap, nicolae_snake_lava_pool
Orc:1:    layout_caves, minmay_orc_treasury, uniq_sonja
Orc:2:    st_orc_congregation, layout_caves, serial_shops, shop,
          kennysheep_orc_chapel

Skill      XL: |  1  2  3  4  5  6  7  8  9 10 11 12 13 14 15 16 |
---------------+-------------------------------------------------+-----
Dodging        | 2 |  2.2
Armour         | 2 3 4 5 6 8 9 |  9.0
Long Blades    | 4 5 6 7 8 10 11 13 14 15 17 18 | 18.4
Fighting       | 4 5 7 8 10 11 13 14 15 17 | 17.1
Evocations     | 5 7 |  7.5
Shields        | 5 |  5.2

Action                   |  1- 3 |  4- 6 |  7- 9 | 10-12 | 13-15 | 16-18 || total
-------------------------+-------+-------+-------+-------+-------+-------++-------
Melee: Falchion          |    30 |       |       |       |       |       ||    30
       Dagger            |    55 |    68 |   386 |     8 |       |       ||   517
       Scimitar          |       |       |    28 |    88 |       |       ||   116
       Triple sword      |       |       |       |   480 |   127 |       ||   607
       Double sword      |       |       |       |       |   834 |   188 ||  1022
       Constrict         |       |       |       |       |   231 |    45 ||   276
Invok: Berserk           |     1 |     3 |     6 |    17 |    19 |     2 ||    48
       Brothers in Arms  |       |       |       |     4 |     1 |     1 ||     6
       Trog's Hand       |       |       |       |       |       |     1 ||     1
 Abil: Spit Poison       |       |       |       |     1 |       |       ||     1
       Evoke Blink       |       |       |       |       |     5 |     3 ||     8
Evoke: Wand              |       |       |       |     6 |    27 |       ||    33
       Sack of spiders   |       |       |       |       |     1 |       ||     1
  Use: Scroll            |       |     4 |     6 |     6 |     9 |     4 ||    29
       Potion            |       |       |       |     2 |     5 |     3 ||    10
 Stab: Sleeping          |     2 |       |       |     1 |       |       ||     3
       Confused          |       |       |       |     2 |       |       ||     2
  Eat: Chunk             |     1 |     5 |    15 |    17 |    25 |     5 ||    68
       Ration            |       |       |     1 |     5 |     7 |     1 ||    14
Armor: Animal skin       |     9 |     1 |       |       |       |       ||    10
       Chain mail        |       |    29 |   154 |       |       |       ||   183
       Ring mail         |       |       |    52 |   379 |    50 |       ||   481
       Scale mail        |       |       |       |       |   492 |    79 ||   571
Dodge: Dodged            |    42 |    13 |   103 |   359 |   586 |    55 ||  1158
Block: Buckler           |     3 |     7 |   105 |    29 |       |       ||   144
       Reflection        |       |       |     8 |     2 |    11 |    11 ||    32
       Other             |       |       |       |    77 |   130 |     3 ||   210
       Shield            |       |       |       |       |       |    93 ||    93
       Rpst.: Falchion   |     4 |       |       |       |       |       ||     4
       Scimitar          |       |       |     4 |     8 |       |       ||    12
       Triple sword      |       |       |       |    90 |    34 |       ||   124
       Double sword      |       |       |       |       |   117 |    14 ||   131

Table legend:
 A = Non-vault XP
 B = Vault XP
 C = Vault XP percentage of total XP
 D = Non-vault monster count
 E = Vault monster count
 F = Vault count percentage of total count
                 A         B        C        D         E       F
            +---------+---------+-------+---------+---------+-------
      Total |   77870 |   77401 |  49.8 |     541 |     415 |  43.4
            +---------+---------+-------+---------+---------+-------
        D:1 |      38 |       0 |   0.0 |      21 |       0 |   0.0
        D:2 |     120 |      45 |  27.3 |      22 |       5 |  18.5
        D:3 |      95 |       2 |   2.1 |      20 |       1 |   4.8
        D:4 |     127 |     315 |  71.3 |      11 |      11 |  50.0
        D:5 |     442 |     125 |  22.0 |      15 |       1 |   6.2
        D:6 |     908 |       0 |   0.0 |      22 |       0 |   0.0
        D:7 |    1075 |     614 |  36.4 |      29 |       2 |   6.5
        D:8 |    1548 |    2920 |  65.4 |      13 |      10 |  43.5
        D:9 |     836 |    1924 |  69.7 |      22 |       8 |  26.7
       D:10 |    1999 |    2324 |  53.8 |      20 |      18 |  47.4
       D:11 |    4250 |    2527 |  37.3 |      38 |      46 |  54.8
       D:12 |    4865 |     982 |  16.8 |      26 |       1 |   3.7
       D:13 |    3903 |   15733 |  80.1 |      28 |      33 |  54.1
       D:14 |    6207 |    1610 |  20.6 |      28 |       1 |   3.4
       D:15 |    2593 |    6999 |  73.0 |       6 |      12 |  66.7
     Lair:1 |    3340 |       0 |   0.0 |      11 |       0 |   0.0
     Lair:2 |    6114 |    1894 |  23.7 |      31 |      12 |  27.9
     Lair:3 |    8304 |     998 |  10.7 |      33 |       3 |   8.3
     Lair:4 |    2887 |       0 |   0.0 |      10 |       0 |   0.0
     Lair:5 |    2983 |    2655 |  47.1 |      10 |      13 |  56.5
     Lair:6 |    8424 |   11166 |  57.0 |      36 |      21 |  36.8
    Snake:1 |    3331 |       0 |   0.0 |       6 |       0 |   0.0
    Snake:2 |    3050 |       2 |   0.1 |       5 |       1 |  16.7
      Orc:1 |    2581 |    8215 |  76.1 |      17 |      27 |  61.4
      Orc:2 |    7850 |   12848 |  62.1 |      61 |      81 |  57.0
      Sewer |       0 |     161 | 100.0 |       0 |      39 | 100.0
     Bailey |       0 |    3342 | 100.0 |       0 |      69 | 100.0
            +---------+---------+-------+---------+---------+-------
